AoeStats
← Swirvathan L'Gooding Splatt

Acropolis

503523938Analyzed
1v1 RM · 9d ago on Sep 1, 2026· 24m 6s· 2 players
Game mode
Random Map
Map size
Tiny (2 player)
Population
200
Speed
Normal
Resources
Standard
Victory
Conquest
Starting age
Dark Age
Ending age
Imperial Age
RankedLock teamsTeams togetherTeam positionsShared explorationLock speedFull tech treeHidden civsTurbo modeCheats
Victory
Defeat
🇺🇸 Celts · United States
626
+18
🇲🇽 Persians · Mexico
678
-18
Swirvathan L'Gooding Splatt
5:46 Loom
12:13 Feudal Age
15:35 Gold Mining
15:37 Stone Mining
15:40 Double-Bit Axe
22:21 Wheelbarrow
The magician171
4:43 Loom
21:32 Feudal Age
22:05 Horse Collar
22:42 Town Watch
23:11 Gold Mining
23:05 Man-at-Arms
Connection lost

Rejoining the realm…

Still unreachable

The connection could not be restored.

Session expired

The server has moved on; the page needs a fresh start.